Cogmind - Beta 14 @@@ ROGUE MODE // 2024.12.21 @ 18:31:51 Player: Zoe Result: Destroyed by G-47 Trooper with Particle Gun Performance ------------- Evolutions (2) 1000 Regions Visited (5) 1000 Robots Destroyed (23) 115 Value Destroyed (493) 493 Prototype IDs (1) 20 Alien Tech Used (0) 0 Bonus (335) 335 TOTAL SCORE: 2963 Bonus ------- Follower Combat Kills 35 Aligned with FarCom 300 Cogmind --------- Core Integrity 0/550 Matter 180/300 Energy 63/100 System Corruption 4% Temperature Cool (18) Movement Core (350) Ox6 Location -8/Materials Parts ------- > --- POWER (2) -------- (None) > --- PROPULSION (3) --- (None) > --- UTILITY (3) ------ Large Storage Unit Sensor Array > --- WEAPON (3) ------- (None) > --- INVENTORY (15) --- Light Treads Large Storage Unit Grenade Launcher Peak State ------------ > --- POWER ------------ Light Deuterium Engine Light Nuclear Core > --- PROPULSION ------- Light Treads Light Treads > --- UTILITY ---------- Humpback Improved Terrain Scanner > --- WEAPON ----------- Medium Laser Precision Beam Rifle Assault Rifle > --- INVENTORY -------- Ion Engine Light Treads Large Storage Unit Large Storage Unit Large Storage Unit Sensor Array Improved Terrain Scanner Targeting Computer Medium Laser Pulse Rifle Grenade Launcher Plasma Flamer [Rating: 21] Favorites ----------- Power Light Nuclear Core Engine Ion Engine Power Core Light Nuclear Core Propulsion Light Treads Treads Light Treads Utility Humpback Device Improved Terrain Scanner Storage Humpback Processor Targeting Computer Weapon Medium Laser Energy Gun Medium Laser Ballistic Gun Assault Rifle Launcher Grenade Launcher Special Weapon Welding Torch Build | -11 -10 -10 -10 -9 -8 ------- Run | Yrd Mat Min Exi Min Mat Slots Evolved 4 | . . . . . 4 Power 1 | . . . . . 1 Propulsion 1 | . . . . . 1 Utility 1 | . . . . . 1 Weapon 1 | . . . . . 1 Parts Attached 38 | 8 12 1 1 . 16 Power 5 | 1 . 1 . . 3 Engine 3 | 1 . . . . 2 Core 2 | . . 1 . . 1 Reactor . | . . . . . . Propulsion 2 | 2 . . . . . Treads 2 | 2 . . . . . Leg . | . . . . . . Wheel . | . . . . . . Hover . | . . . . . . Flight . | . . . . . . Utility 14 | 3 4 . 1 . 6 Device 8 | 2 2 . . . 4 Storage 5 | 1 2 . 1 . 1 Processor 1 | . . . . . 1 Hackware . | . . . . . . Protection . | . . . . . . Artifact . | . . . . . . Weapon 17 | 2 8 . . . 7 Energy Gun 8 | 1 4 . . . 3 Energy Cannon . | . . . . . . Ballistic Gun 3 | 1 . . . . 2 Ballistic Cannon . | . . . . . . Launcher 2 | . 1 . . . 1 Special Weapon 4 | . 3 . . . 1 Impact Weapon . | . . . . . . Slashing Weapon . | . . . . . . Piercing Weapon . | . . . . . . Special Melee Weapon . | . . . . . . Unidentified Prototypes 1 | . . . . . 1 Parts Lost 14 | . . . . . 14 Power 4 | . . . . . 4 Propulsion 2 | . . . . . 2 Utility 3 | . . . . . 3 Weapon 5 | . . . . . 5 Highest Loss Streak 7 | . . . . . 7 To Critical Strikes . | . . . . . . Average Slot Usage (%) 82 | . 100 100 91 85 63 Engine 4 | . 14 7 . . 7 Core 10 | . . 6 14 14 7 Treads 21 | . 28 28 28 28 9 Device 6 | . 14 14 6 . 7 Storage 12 | . 13 14 14 14 8 Energy Gun 22 | . 26 28 28 28 13 Ballistic Gun 2 | . . . . . 8 Peak Build Rating 21 | 11 11 12 12 10 21 Average Rating 11 | 6 8 10 10 10 15 On Entrance 8 | . 11 10 12 10 10 Naked Turns . | . . . . . . Heaviest Build 220 | 15 30 30 209 209 220 Greatest Support 40 | 40 40 40 40 40 40 Greatest Overweight (x) 72 | 2 . . 5 5 72 Average Overweight (x) 2 | . . . 1 5 13 Largest Inventory Capacity 35 | 8 15 15 35 35 35 Average Capacity 27 | 5 8 15 26 35 34 Most Carried 13 | 5 10 12 12 11 13 Average Carried 9 | 2 7 10 9 11 10 Final Capacity 35 | 5 15 15 35 35 15 Final Carried 12 | 3 10 12 11 11 3 Class Distribution -------------------- 48% | Hauler-Mutant 33% | Mutant 17% | Hauler-Skirmisher Dominant Class ---------------- Mutant | -10/Materials Mutant | -10/Mines Hauler-Mutant | -10/Exiles Hauler-Mutant | -9/Mines Hauler-Skirmisher | -8/Materials Resources | -11 -10 -10 -10 -9 -8 ----------- Run | Yrd Mat Min Exi Min Mat Matter Collected 692 | 236 153 43 . . 260 Remotely . | . . . . . . Salvage Created 578 | 39 207 . . . 332 Parts 46 | 6 17 . . . 23 Haulers Intercepted . | . . . . . . Recyclers Shooed . | . . . . . . Parts Field Recycled . | . . . . . . Retrieved Matter . | . . . . . . Parts Self-Destructed . | . . . . . . Prevented . | . . . . . . Kills | -11 -10 -10 -10 -9 -8 ------- Run | Yrd Mat Min Exi Min Mat Combat Hostiles Destroyed 10 | . 5 . . . 5 Guns 9 | . 5 . . . 4 AOE 1 | . . . . . 1 Classes Destroyed 8 | 1 4 . . . 3 Worker 1 | . . . . . 1 Builder 4 | . 1 . . . 3 Tunneler 2 | 2 . . . . . Operator 1 | . . . . . 1 Watcher 5 | . 3 . . . 2 Swarmer 3 | . 3 . . . . Grunt 6 | . 2 . . . 4 Sentry 1 | . . . . . 1 Best Kill Streak 5 | 2 5 . . . 3 Combat Bots Only 3 | . 3 . . . 2 Max Kills in Single Turn 1 | 1 1 . . . 1 Gunslinging . | . . . . . . Exploded 1 | . . . . . 1 Melee . | . . . . . . Uniques/NPCs Destroyed . | . . . . . . Combat | -11 -10 -10 -10 -9 -8 -------- Run | Yrd Mat Min Exi Min Mat Hostile Shots Fired 137 | . 29 . . . 108 Missed 23 | . 4 . . . 19 Damage Taken 1718 | . 265 . . . 1453 Core 619 | . 62 . . . 557 Absorbed by Shields . | . . . . . . Core Remaining (%) 87 | 100 . . . 75 . Volleys Fired 66 | 4 19 . . . 43 Largest 3 | 2 2 . . . 3 Hottest 133 | 70 100 . . . 133 Shots Fired 144 | 8 37 . . . 99 Gun 132 | 8 30 . . . 94 Cannon . | . . . . . . Launcher 4 | . 1 . . . 3 Special 8 | . 6 . . . 2 Kinetic 25 | 4 . . . . 21 Thermal 115 | 4 36 . . . 75 Explosive 4 | . 1 . . . 3 Electromagnetic . | . . . . . . Robot Hit Streak 9 | 1 4 . . . 9 Robot Miss Streak 7 | 3 2 . . . 7 Penetration Max . | . . . . . . Secondary Targets 2 | . 1 . . . 1 Max Gunslinging Chain 1 | . 1 . . . 1 Shots Hit Robots 68 | 3 18 . . . 47 Core Hits 37 | 2 12 . . . 23 Critical Kills . | . . . . . . Critical Parts Destroyed . | . . . . . . Critical Strikes 4 | . 1 . . . 3 Burn 4 | . 1 . . . 3 Melee Attacks . | . . . . . . Impact . | . . . . . . Slashing . | . . . . . . Piercing . | . . . . . . Sneak Attacks . | . . . . . . Combat Hostiles . | . . . . . . Follow-up Attacks . | . . . . . . Damage Inflicted 1152 | 53 265 . . . 834 Guns 943 | 53 265 . . . 625 Cannons . | . . . . . . Explosions 184 | . . . . . 184 Melee . | . . . . . . Ramming . | . . . . . . Kinetic 154 | 15 . . . . 139 Thermal 814 | 38 265 . . . 511 Explosive 184 | . . . . . 184 Electromagnetic . | . . . . . . Impact . | . . . . . . Slashing . | . . . . . . Piercing . | . . . . . . Highest Corruption 4 | . . . . . 4 Average Corruption 4 | . . . . . 4 Corruption Purged . | . . . . . . Corruption Blocked . | . . . . . . Effects 28 | . . . . . 28 Message Errors 6 | . . . . . 6 Matter Fused 9 | . . . . . 9 Heat Flow Errors 3 | . . . . . 3 Energy Discharges 1 | . . . . . 1 Data Loss (minor) 3 | . . . . . 3 Data Loss (major) 5 | . . . . . 5 Alerts 1 | . . . . . 1 Overload Shots . | . . . . . . Overflow Damage . | . . . . . . Projectiles . | . . . . . . Explosions . | . . . . . . Melee . | . . . . . . Knockbacks . | . . . . . . Impact . | . . . . . . Kinetic . | . . . . . . Secondary . | . . . . . . Self-Inflicted Damage 15 | . 3 . . . 12 Shots 2 | . 1 . . . 1 Rammed . | . . . . . . Targets Rammed . | . . . . . . Kicked . | . . . . . . Crushed . | . . . . . . Highest Temperature 555 | 18 196 . . . 555 Average Temperature 161 | 8 80 . . . 194 Received Heat Transfer 936 | . 90 . . . 846 Effects 31 | . . . . . 31 Shutdowns 6 | . . . . . 6 Energy Bleed 3 | . . . . . 3 Interference 4 | . . . . . 4 Matter Decay 3 | . . . . . 3 Short Circuit 3 | . . . . . 3 Damage (minor) 3 | . . . . . 3 Damage (major) 9 | . . . . . 9 Siege Activations . | . . . . . . Robots Corrupted . | . . . . . . Combat Hostiles . | . . . . . . Parts Fried . | . . . . . . Impact Corruptions . | . . . . . . Robots Melted . | . . . . . . Combat Hostiles . | . . . . . . Parts Melted 3 | . 1 . . . 2 Heat Transferred 2639 | 111 851 . . . 1677 Parts Sabotaged . | . . . . . . Parts Stolen . | . . . . . . Parts Stripped . | . . . . . . Power Chain Reactions . | . . . . . . Alert | -11 -10 -10 -10 -9 -8 ------- Run | Yrd Mat Min Exi Min Mat Peak Influence 156 | 10 156 41 . . 116 Initial 7 | . 6 7 . . . Average 16 | 5 27 25 . . 17 Maximum Alert Level . | . . . . . . Low Security (%) 100 | 100 100 100 . 100 100 Level 1 . | . . . . . . Level 2 . | . . . . . . Level 3 . | . . . . . . Level 4 . | . . . . . . Level 5 . | . . . . . . High Security . | . . . . . . Max Security . | . . . . . . Squads Dispatched 2 | . . . . . 2 Investigation . | . . . . . . Extermination . | . . . . . . Reinforcement 2 | . . . . . 2 Assault . | . . . . . . Garrison . | . . . . . . Intercept . | . . . . . . Searches Triggered . | . . . . . . Construction Impeded 1 | . . . . . 1 Haulers Reinforced . | . . . . . . Active Scanning Responses . | . . . . . . Cargo Convoy Interrupts . | . . . . . . Stealth | -11 -10 -10 -10 -9 -8 --------- Run | Yrd Mat Min Exi Min Mat Distress Signals 4 | . 1 . . . 3 Communications Jammed . | . . . . . . Distress Signals . | . . . . . . Times Spotted 21 | . 8 . . . 13 Peak Tracking Total 4 | . 4 . . . 3 Tactical Retreats . | . . . . . . Traps | -11 -10 -10 -10 -9 -8 ------- Run | Yrd Mat Min Exi Min Mat Traps Triggered . | . . . . . . Indirectly . | . . . . . . Trap Hack Attempts . | . . . . . . Triggered . | . . . . . . Disarmed . | . . . . . . Reprogrammed . | . . . . . . Reused . | . . . . . . Traps Extracted . | . . . . . . Installed . | . . . . . . Triggered . | . . . . . . Machines | -11 -10 -10 -10 -9 -8 ---------- Run | Yrd Mat Min Exi Min Mat Machines Disabled . | . . . . . . Max in Single Turn . | . . . . . . Machines Repaired . | . . . . . . Machines Dismantled . | . . . . . . Machines Sabotaged . | . . . . . . Overloaded Fab Kills . | . . . . . . Hacking | -11 -10 -10 -10 -9 -8 --------- Run | Yrd Mat Min Exi Min Mat Machines Accessed 5 | . 2 . 2 . 1 Terminals 3 | . 2 . . . 1 Fabricators . | . . . . . . Repair Stations . | . . . . . . Recycling Units . | . . . . . . Scanalyzers . | . . . . . . Garrison Access . | . . . . . . Total Hacks 32 | . 4 . 27 . 1 Successful 30 | . 2 . 27 . 1 Failed 2 | . 2 . . . . Catastrophic . | . . . . . . Database Lockouts . | . . . . . . Manual . | . . . . . . Terminals 5 | . 4 . . . 1 Fabricators . | . . . . . . Repair Stations . | . . . . . . Recycling Units . | . . . . . . Scanalyzers . | . . . . . . Garrison Access . | . . . . . . Terminal Hacks 30 | . 2 . 27 . 1 Record 27 | . . . 27 . . Alert Level 1 | . . . . . 1 Locate Traps 1 | . 1 . . . . Dispatch Records 1 | . 1 . . . . Fabricator Hacks . | . . . . . . Repair Station Hacks . | . . . . . . Recycling Unit Hacks . | . . . . . . Scanalyzer . | . . . . . . Garrison Access Hacks . | . . . . . . Unauthorized Hacks . | . . . . . . Terminals . | . . . . . . Fabricators . | . . . . . . Repair Stations . | . . . . . . Recycling Units . | . . . . . . Scanalyzers . | . . . . . . Garrison Access . | . . . . . . Data Cores Recovered . | . . . . . . Used . | . . . . . . Hacking Detections 1 | . . . . . 1 Full Trace Events . | . . . . . . Feedback Events . | . . . . . . Feedback Blocked . | . . . . . . Robot Schematics Acquired . | . . . . . . Robots Built . | . . . . . . Authchips . | . . . . . . Time . | . . . . . . Total Robot Build Rating . | . . . . . . Part Schematics Acquired . | . . . . . . Parts Built . | . . . . . . Authchips . | . . . . . . Time . | . . . . . . Total Part Build Rating . | . . . . . . Parts Repaired . | . . . . . . Time . | . . . . . . Parts Recycled . | . . . . . . Recycled Matter . | . . . . . . Retrieved Matter . | . . . . . . Retrieved Components . | . . . . . . Parts Scanalyzed . | . . . . . . Part Schematics Acquired . | . . . . . . Parts Damaged . | . . . . . . Bothacking | -11 -10 -10 -10 -9 -8 ------------ Run | Yrd Mat Min Exi Min Mat Used RIF Installer . | . . . . . . Robots Hacked . | . . . . . . Non-combat . | . . . . . . Combat . | . . . . . . Robot Hacks Applied . | . . . . . . Relay Couplers Released . | . . . . . . Fabnet Peak Effective % . | . . . . . . Robots Rewired . | . . . . . . Allies Hacked . | . . . . . . Hacks Repelled . | . . . . . . Allies | -11 -10 -10 -10 -9 -8 -------- Run | Yrd Mat Min Exi Min Mat Total Allies 2 | . . 2 . . . Largest Group 2 | . . 2 1 . . Highest-Rated Group 38 | . . 38 31 . . Highest-Rated Ally 31 | . . 31 31 . . Total Orders . | . . . . . . Ally Attacks 3 | . . 3 . . . Total Damage 43 | . . 43 . . . Kills 1 | . . 1 . . . Allies Corrupted . | . . . . . . Allies Melted . | . . . . . . Intel | -11 -10 -10 -10 -9 -8 ------- Run | Yrd Mat Min Exi Min Mat Robot Analysis Total . | . . . . . . Derelict Logs Recovered . | . . . . . . Drone Launches . | . . . . . . Drone Recoveries . | . . . . . . Exploration | -11 -10 -10 -10 -9 -8 ------------- Run | Yrd Mat Min Exi Min Mat Turns Passed 5402 | 115 500 178 2373 443 1793 Spaces Moved 1534 | 57 256 103 874 80 164 Core 52 | 20 . . . . 32 Treads 1482 | 37 256 103 874 80 132 Legs . | . . . . . . Wheels . | . . . . . . Hover . | . . . . . . Flight . | . . . . . . Fastest Speed 50 | 50 160 160 160 560 50 Average Speed 325 | 140 160 160 270 560 934 Slowest Speed 3650 | 160 160 160 560 560 3650 Overloaded Moves . | . . . . . . Propulsion Burnouts . | . . . . . . Robots Hopped . | . . . . . . Cave-ins Triggered . | . . . . . . Exploration Rate (%) 33 | 4 33 22 92 36 12 Regions Visited 5 Branch Regions 3 Pre-discovered Areas 1 | . . . 1 . . Known Exits Taken . | . . . . . . Unknown Exits Taken 5 | 1 1 1 1 1 . Scrap Searched . | . . . . . . Spaces Dug 10 | . 10 . . . . Terrain Destroyed 34 | . 10 . . . 24 Melee . | . . . . . . Projectile . | . . . . . . AOE 34 | . 10 . . . 24 Terrain Rammed . | . . . . . . Walls Destroyed . | . . . . . . Machines Disabled . | . . . . . . Actions | -11 -10 -10 -10 -9 -8 --------- Run | Yrd Mat Min Exi Min Mat Total 1812 | 84 305 116 892 79 336 Wait 126 | 5 8 11 . . 102 Move 1529 | 56 255 102 873 79 164 Hop . | . . . . . . Pick Up 38 | 10 8 2 10 . 8 Fast Attach 1 | . . . . . 1 Attach 22 | 8 1 . 1 . 12 Detach 4 | 1 1 . 1 . 1 Swap 15 | . 11 1 . . 3 Drop 10 | . 2 . 6 . 2 Fire 66 | 4 19 . . . 43 Melee . | . . . . . . Ram . | . . . . . . Kick . | . . . . . . Crush . | . . . . . . Escape Stasis . | . . . . . . Rewire 1 | . . . 1 . . Trap . | . . . . . . Miscellaneous . | . . . . . . Route ------- -11/Scrapyard -10/Materials -10/Mines -10/Exiles (discovered 2 exits: [*Min x2]) -9/Mines -8/Materials History --------- Turn | Location | Event 13 | -11/Scrapyard | Discovered new exit (range 15) 116 | -11/Scrapyard | Entered Materials 331 | -10/Materials | Build established: Mutant 603 | -10/Materials | Discovered new exit (range 8) 616 | -10/Materials | Entered Mines 658 | -10/Mines | Met a Derelict bent on vengeance 751 | -10/Mines | A weapon hastily lodged in a ceiling crevice suddenly fell to the ground 768 | -10/Mines | Deemed a non-threat by the Exiles lab entrance 770 | -10/Mines | Discovered new exit (range 5) 794 | -10/Mines | Entered Exiles 794 | -10/Exiles | Accompanied by 1 ally 824 | -10/Exiles | Led the pair of lost Derelicts to a safe place 841 | -10/Exiles | Met 8R-AWN 868 | -10/Exiles | Met EX-HEX 905 | -10/Exiles | Discovered new exit (range 14) 1140 | -10/Exiles | Met EX-DEC 1172 | -10/Exiles | Learned location of Zion (-7) 1237 | -10/Exiles | Met EX-BIN 1257 | -10/Exiles | Aligned with FarCom system 1258 | -10/Exiles | Given EX-Vault access code 1560 | -10/Exiles | Visited The Gauntlet 1935 | -10/Exiles | Discovered new exit (range 14) 2101 | -10/Exiles | Build established: Hauler-Mutant 3167 | -10/Exiles | Entered Mines 3531 | -9/Mines | Discovered new exit (range 15) 3583 | -9/Mines | Assembled infested the area 3588 | -9/Mines | Assisted by a Guerilla fighting off Assembled 3610 | -9/Mines | Entered Materials 3610 | -8/Materials | Evolved 4 slots: Power x1, Propulsion x1, Utility x1, Weapon x1 3908 | -8/Materials | Build established: Hauler-Skirmisher 4599 | -8/Materials | Lost 7 parts (2p2n1u2w) 4866 | -8/Materials | Build established: Hauler-Mutant 5376 | -8/Materials | Core integrity fell below 50% 5390 | -8/Materials | Core integrity fell below 20% 5403 | -8/Materials | Destroyed by G-47 Trooper with Particle Gun Last Messages --------------- >LVXLUDR:LT#ZXLV9 8P= FQ324IWGU5OV: System corrupted: Substantial component data lost. E3OXA=F M 9AFQL#,TJ System corrupted: Matter fused (-9). System corrupted: IFF burst signal emitted. Critical hit (Burn: +37). Assault Rifle destroyed. Pulse Rifle destroyed. Humpback destroyed. Lgt. Nuclear Core destroyed. Ion Engine destroyed. Critical hit (Burn: +37). Acquired Plasma Flamer. System corrupted: Substantial component data lost. Plasma Flamer destroyed. Trap Scanner destroyed. M-13 Machinist repairs G-50 Soldier. Critical hit (Burn: +37). Map ----- +----------------------------------------------------+ | ???????????????????????????????????? | | ?????????????##########????????????? | | ?????????????# [ #????????????? | | ?????????????# #????????????? | | ?????????????# #????????????? | | ?????????????# "" #????????????? | | ?????????????# " #????????????? | | ?????????????# "" #????????????? | | ?????????????# * #????????????? | | ?????????????# !% #????????????? | | ?????????????# = #????????????? | | ???#######???#####+####????????????? | | ???# ####### #?????????????? | | ???# #?????????????? | | ???# T #?????????????? | | ???# *%?!! #?????????????? | | ???# ! ###+### #?????????????? | | ???## ###g #######?????????????? | | ????# #?# gg #???????????????????? | | ????# ### #???????????????????? | | ????# #?# #???????????????????? | | ????# #?# #???????????????????? | | ?#??# #?# #??? ???????????????? | | ????# ### #???????????????????? | | ??### ### #? ?????????????????? | | ??## ##@ #???????????????????? | | ??# # ######? ?????????????????? | | ??# ###########??? ???????????? | | ??### # #????? ?????????? | | #?# # # #??? ??????????? | | ?## ! ## ## ?????????? | | ??## %= # / ? ???????????? | | ?#?# # ####????????????? | | ??## + #???????????????? | | ??## # #???????????????? | | #??# #[ #??#????????????? | | ???## ############?#?????????????? | | ????# # """ #?????????? ????????? | | ????# # """ #???#??##???????????? | | #???# + """ ####???????#????????? | | ??#?# # #??#?#??????????????? | | ?#??# # #??#?##?????????????? | | ????# # ###?##?#????????????? | | ????# #########??????????????????? | | #???# #?#??##??????#?#???????????? | | ???## #?#???????##???????????????? | | #??## ##???##???#??????#?????????? | | ????# #??#??????#????????????????? | | ????# #?#?#??????????????????????? | | ?#??# #?#???#????????????????????? | +----------------------------------------------------+ Best States ------------- Heat Dissipation 31 Energy Generation 23 Energy Capacity 310 Matter Stores 300 Matter Capacity 300 Sight Range 16 Robot Scan Range 14 Terrain Scan Range 16 Terrain Scan Density 10 Evasion (%) 50 Targeting Accuracy 5 Recoil Reduction 2 Particle Charging 15 Item Schematics ----------------- None Robot Schematics ------------------ None Fabricated ------------ Nothing Alien Tech Used ----------------- None Achievements -------------- Tank Challenges ------------ None Game ------ Seed StructuralBiometalCycler Manual? 0 Play Time 00:31:25 Cumulative 3.5 hours Start 2024.12.21 @ 17:59:54 End 2024.12.21 @ 18:31:51 Sessions 1 Manual Loads 0 Difficulty Rogue Special Mode None Game No. 10 Rogue 7 Adventurer 3 Explorer 0 Win Type - Total 0 Types 0/0/0/0/0/0/0/0/0 Lore% 5 Gallery% 8 Achievement% 9 Wizard Run 0 Options --------- Layout 1 ASCII 0 Keyboard 0 Movement Mouse Keybinds 0 Fullscreen 1 Font 24/Smallcaps Map View 50x35 Zoom Use 0% Tactical HUD 0 Map Filters NONE Filters NONE Steam 1 RUN: 06752710-da7c-4855-af55-2d9ce679b4d1